Match 38250801
Unlisted

Match 38250801
End
Construct Barracks
Riflemen Squad
1⁄4-ton 4x4 Truck
Riflemen Squad
Riflemen Squad
Grenade Package
Construct Medical Station
Riflemen Squad
Mechanized Support Center
Selects Armored Battlegroup
Selects Veteran Crews
M1918 Browning Automatic Rifles
Construct Weapon Support Center
Engineer Squad
M3 Armored Personnel Carrier
Riflemen Squad
Construct Tank Depot
Selects Strength in Steel
Selects M31 Recovery Vehicle
Selects War Machine
Forward Retreat Point
M18 Hellcat Tank Destroyer
M18 Hellcat Tank Destroyer
Salvage Crew
Designate Forward Repair Station
M18 Hellcat Tank Destroyer
Selects Seek and Destroy
Selects UNKNOWN (2160077)
M4A3E8 Sherman Easy Eight
Bruistablet
Fandango34
Professor gibberish
ILoveRimJOB
The Architect
Garlic bread
Berry.Black
想不出名字ing
0
0

Comments sign in to comment!

No comments posted yet!